cohdb
Replays
Latest Replays
All Replays
Popular Replays
Top Player Replays
Match Explorer
How It Works
Community
CoH3 Stats
Reddit
Sign in to upload your games and track your stats! →
Sign in with Steam
Match 43024546
Unlisted
Match 43024546
Overview
Messages
Build Orders
End
Panzergrenadier Squad
Kradschützen Motorcycle Team
Selects Battlefield Espionage Battlegroup
Construct Light Support Kompanie
Panzergrenadier Squad
Selects Intel Disruption Beacon
Fire Support Elements
MG34 Team
le.IG 18 Mechanized Group
Pak 38 Anti-tank Gun Team
MG34 Team
Construct Panzerarmee Kommand
Pak 38 Anti-tank Gun Team
Selects 250/3 Funkpanzerwagen
Selects Anti-Tank Incendiary Munitions
Walking Stuka Rocket Launcher
FieserFettsack09
RhumsteaK
King Raptor
SHELDONATOR
MisterFister420
jakob18516
Vin Throttle
Korbut
0
0
Comments
sign in to comment!
No comments posted yet!